Map: [ESL] Cosmic Sapphire

Players

Clem

  • Race: Terran Terran
  • Spawn Location: 5:00

MaxPax - Winner!

  • Race: Protoss Protoss
  • Spawn Location: 11:00

Event: DreamHack SC2 Masters 2022 Atlanta (Online)

VOD

Have the link to the VOD?

Description

Time

  • Played on: Oct. 14, 2022, 11:49 a.m.
  • Length: 7:43

All games in this series

Show
View Real Time Build Order
Export as new Build Order

Clem Terran 

Build Orders: Gas First Reaper Expand 

Get SALT Encoding   

  12  0:00  SCV  
  13  0:12  SCV  
  14  0:16  Supply Depot  
  14  0:24  SCV  
  15  0:29  Refinery  
  15  0:38  SCV  
  16  0:44  Barracks  
  16  0:50  SCV  
  17  1:02  SCV  
  18  1:14  SCV  
  19  1:30  Orbital Command  
  19  1:31  Reaper  
  20  1:48  Command Center  
  20  1:55  Factory  
  20  1:57  SCV  
  21  2:07  Barracks Reactor  
  21  2:10  SCV  
  21  2:11  Supply Depot  
  22  2:18  Bunker  
  22  2:22  SCV  
  23  2:25  Refinery  
  23  2:34  SCV  
  24  2:46  SCV, Hellion x2  
  29  2:53  Supply Depot  
  29  2:59  Starport  
  29  3:01  SCV  
  29  3:13  Hellion  
  29  3:15  Hellion  
  29  3:17  SCV  
  34  3:29  Barracks Tech Lab  
  34  3:30  SCV  
  34  3:34  Orbital Command  
  35  3:36  Medivac  
  35  3:40  Widow Mine  
  39  3:43  Widow Mine  
  39  3:46  SCV  
  42  3:51  Supply Depot  
  42  3:52  Marine  
  43  3:59  SCV x2  
  45  4:06  Barracks  
  45  4:11  SCV, Starport Tech Lab  
  45  4:16  SCV  
  45  4:17  Marine x2  
  47  4:19  Siege Tank  
  47  4:24  Supply Depot, SCV  
  53  4:29  SCV  
  53  4:31  Barracks  
  54  4:36  SCV, Marine x2  
  57  4:41  SCV  
  58  4:48  SCV  
  58  4:51  Barracks  
  53  4:53  SCV  
  53  4:54  Marine x2  
  53  4:56  Siege Tank  
  52  5:00  SCV  
  52  5:01  Supply Depot  
  52  5:05  Marauder  
  55  5:07  Viking  
  55  5:08  SCV  
  55  5:13  Marine  
  59  5:14  Refinery  
  59  5:16  Marine  
  59  5:17  SCV  
  61  5:23  SCV  
  62  5:29  SCV  
  62  5:30  Siege Tank  
  62  5:32  Marine  
  66  5:35  SCV  
  66  5:37  Marine x2  
  66  5:41  SCV  
  70  5:44  Supply Depot  
  70  5:48  SCV  
  69  5:50  Barracks Tech Lab, Marine  
  69  5:52  Engineering Bay  
  69  5:53  Refinery  
  69  5:54  SCV, Marine  
  71  6:00  SCV  
  71  6:02  Refinery  
  71  6:03  Engineering Bay  
  71  6:05  Siege Tank  
  71  6:08  Marine  
  71  6:09  Marauder  
  76  6:13  Barracks Tech Lab, Marine  
  76  6:17  SCV x2, Starport Reactor  
  75  6:22  Supply Depot  
  74  6:29  SCV  
  74  6:30  Marauder  
  74  6:33  Marine x2  
  74  6:34  Bunker  
  74  6:37  SCV, Marauder  
  79  6:42  SCV  
  79  6:49  SCV  
  79  6:51  Marine x3  
  83  6:57  SCV  
  84  7:06  Command Center  
  84  7:07  Marauder  
  86  7:09  Supply Depot  
  86  7:10  Marine x2  
  90  7:17  Missile Turret  
  86  7:24  Missile Turret  
  86  7:28  SCV  
Show
View Real Time Build Order
Export as new Build Order

MaxPax Protoss - Winner!

Build Orders: 1 Gate Expand, Blink Stalkers 

Get SALT Encoding   

  12  0:00  Probe  
  13  0:12  Probe  
  14  0:17  Pylon  
  14  0:24  Probe (Chrono Boost)  
  15  0:36  Gateway, Probe (Chrono Boost)  
  16  0:44  Probe (Chrono Boost)  
  16  0:45  Assimilator  
  17  0:51  Probe  
  18  1:03  Probe  
  19  1:15  Probe  
  20  1:23  Cybernetics Core  
  20  1:29  Nexus  
  20  1:33  Probe  
  20  1:39  Pylon  
  21  1:45  Probe  
  22  1:50  Assimilator  
  22  1:56  Adept (Chrono Boost)  
  24  2:02  Shield Battery  
  24  2:04  Probe  
  24  2:06  Warp Gate  
  25  2:16  Adept (Chrono Boost), Probe  
  28  2:28  Probe  
  28  2:29  Twilight Council  
  29  2:42  Probe (Chrono Boost)  
  31  2:46  Probe (Chrono Boost)  
  32  2:51  Probe (Chrono Boost)  
  32  2:54  Probe (Chrono Boost)  
  32  2:56  Probe (Chrono Boost)  
  32  2:57  Gateway  
  34  3:05  Probe  
  35  3:08  Probe  
  35  3:09  Blink (Chrono Boost)  
  36  3:17  Probe  
  35  3:20  Probe  
  35  3:23  Robotics Facility  
  36  3:28  Gateway  
  36  3:29  Probe  
  36  3:33  Probe  
  36  3:42  Pylon  
  36  3:43  Probe  
  36  3:47  Probe  
  37  3:53  Pylon  
  37  3:54  Stalker x2  
  41  3:56  Probe  
  41  3:59  Probe  
  43  4:08  Probe, Pylon  
  43  4:09  Warp Prism (Chrono Boost)  
  44  4:12  Probe  
  47  4:17  Stalker  
  47  4:18  Stalker  
  47  4:20  Probe  
  47  4:24  Stalker  
  54  4:28  Assimilator  
  54  4:29  Probe  
  55  4:32  Probe  
  56  4:41  Probe  
  56  4:45  Stalker x2  
  60  4:52  Probe  
  50  4:58  Probe  
  50  5:04  Observer  
  50  5:05  Probe  
  52  5:11  Probe  
  53  5:17  Stalker x3  
  53  5:19  Probe  
  60  5:23  Probe  
  61  5:34  Probe  
  62  5:36  Pylon  
  62  5:45  Dark Shrine  
  62  5:48  Pylon  
  62  5:50  Pylon  
  62  5:54  Probe x2  
  64  5:57  Stalker x2  
  64  6:02  Stalker  
  68  6:06  Probe  
  68  6:08  Probe  
  70  6:18  Probe  
  69  6:21  Nexus  
  70  6:30  Probe  
  68  6:33  Stalker x2  
  68  6:34  Stalker  
  68  6:38  Probe  
  75  6:42  Probe  
  76  6:50  Probe  
  76  6:53  Pylon  
  77  6:54  Probe, Assimilator  
  78  7:02  Dark Templar x3  
  78  7:07  Probe  
  78  7:08  Probe  
  86  7:11  Pylon  
  86  7:19  Probe  
  86  7:20  Probe  
  86  7:30  Robotics Bay  
  86  7:38  Zealot x3  
Tags
 
Add a new tag
Caveats
  • Supply blocks, unpowered buildings, or Contaminate may cause inaccurate times.
  • Supply counts are checked every 10 seconds.